 Dungeon Crawl Stone Soup version 0.30.0-5-g1a98f26d00 (webtiles) character file.

Game seed: 781322209523614255

103 Implojin the Chiller (level 5, -2/38 HPs)
             Began as a Formicid Ice Elementalist on May 9, 2023.
             Was an Initiate of Nemelex Xobeh.
             Slain by a scorpion (5 damage)
             ... on level 4 of the Dungeon.
             The game lasted 00:06:17 (3117 turns).

Implojin the Chiller (Formicid Ice Elementalist)    Turns: 3117, Time: 00:06:18

Health: -2/38      AC:  3    Str: 12    XL:     5   Next: 6%
Magic:  5/8        EV: 12    Int: 15    God:    Nemelex Xobeh [......]
Gold:   97         SH:  0    Dex: 16    Spells: 4/8 levels left

rFire   + . .        i - +0 short sword
rCold   + . .        (no shield)
rNeg    . . .        a - +0 robe
rPois   +            (helmet unavailable)
rElec   +            (no cloak)
rCorr   +            (no gloves)
SInv    +            n - +0 pair of boots
Will    .....        (no amulet)
Stlth   ++           (no ring)
HPRegen 0.26/turn    (no ring)
MPRegen 0.11/turn

%: no passive effects
@: mighty, lethally poisoned (-2 -> -4), resistant
A: permanent stasis, dig shafts and tunnels, antennae 3, four strong arms, sense
surroundings 1, poison resistance, wild magic 1
a: Dig, Shaft Self, Renounce Religion, Draw Escape, Draw Destruction, Draw
Summoning


You were on level 4 of the Dungeon.
You worshipped Nemelex Xobeh.
Nemelex Xobeh was noncommittal.
You visited 1 branch of the dungeon, and saw 4 of its levels.

You collected 97 gold pieces.

Inventory:

Hand Weapons
 g - a +0 dagger
 i - a +0 short sword (weapon)
 t - a +0 quarterstaff
Missiles
 h - 33 stones
 v - 3 boomerangs
Armour
 a - a +0 robe (worn)
 n - a +0 pair of boots (worn)
Jewellery
 q - an amulet of guardian spirit
Scrolls
 c - a scroll of identify
 d - a scroll of torment {unknown}
 f - a scroll of amnesia {unknown}
 j - a scroll of noise {unknown}
 p - a scroll of butterflies {unknown}
 r - a scroll of fog {unknown}
 s - a scroll of fear {unknown}
 u - a scroll of enchant weapon {unknown}
Potions
 b - a potion of magic
 l - a potion of haste
 o - 3 potions of flight


   Skills:
 - Level 2.0 Fighting
 - Level 2.0 Short Blades
 - Level 1.7 Dodging
 - Level 2.4 Stealth
 - Level 2.1 Spellcasting
 - Level 5.0 Ice Magic
 * Level 1.0 Invocations


You had 4 spell levels left.
You knew the following spells:

 Your Spells              Type           Power      Damage    Failure   Level
a - Freeze                Ice            84%        1d9       4%          1
b - Frozen Ramparts       Ice            42%        1d7       13%         3

Your spell library contained the following spells:

 Spells                   Type           Power      Damage    Failure   Level
 Ozocubu's Armour         Ice            21%        N/A       13%         3
 Sandblast                Erth           4%         2d4       30%         1
 Hailstorm                Conj/Ice       11%        3d5       32%         3
 Passwall                 Tmut/Erth      1%         N/A       41%         2
 Stone Arrow              Conj/Erth      4%         3d7       63%         3
 Ice Form                 Ice/Tmut       11%        N/A       69%         4
 Summon Ice Beast         Ice/Summ       11%        N/A       69%         4
 Simulacrum               Ice/Necr       5%         N/A       100%        6


Dungeon Overview and Level Annotations

Branches:
Dungeon (4/15)
 Temple: D:4-7

Altars:
Ashenzari
Cheibriados
Hepliaklqana
Nemelex Xobeh
Zin
The Shining One

Annotations:
D:2 1 runed translucent door, Crazy Yiuf, Terence


Innate Abilities, Weirdness & Mutations

You cannot be hasted, slowed, berserked, paralysed or teleported.
You can dig through walls and to a lower floor.
You have a pair of large antennae on your head. (SInv)
Your four strong arms can wield two-handed weapons with a shield.
You passively map a small area around you.
Your system is resistant to poisons. (rPois)
Your spells are a little harder to cast, but a little more powerful.


Message History

Danger: Low HP Warning |T2| Reason: 42% HP (16/38) Unknown command.
You hit the scorpion but do no damage.
The scorpion is lightly wounded.
You feel sick.
The wall freezes the scorpion but does no damage.
The scorpion misses you.
Danger: Low HP Warning |T2| Reason: 36% HP (14/38) Unknown command.
Okay, then.
You aren't carrying any items that you can evoke.
Unknown command.
Unknown command.
You aren't carrying any items that you can evoke.
Unknown command.
Okay, then.
Okay, then.
It was a potion of haste.
Your stasis prevents you from being hasted.
You feel sick.
The wall freezes the scorpion but does no damage.
The scorpion closely misses you.
The wall freezes the scorpion but does no damage.
The scorpion barely misses you.
Danger: Low HP Warning |T2| Reason: 34% HP (13/38) Unknown command.
It was a potion of might.
You feel very mighty all of a sudden.
You feel sick.
The wall freezes the scorpion.
The scorpion stings you.
Danger: Low HP Warning |T3| Reason: 23% HP (9/38) It was a potion of mutation.
You feel extremely strange.
You feel less in control of your magic.
You feel resistant to poisons.
You feel a strange attunement to the structure of the dungeons.
The frozen ramparts melt away.
You feel sick. The scorpion stings you.
Danger: Low HP Warning |T3| Reason: 10% HP (4/38) It was a potion of resistance.
You feel protected.
You feel sick. The scorpion stings you.
You die...
Your body disappears without a glow.

* ,,, .# , .# *
.. * ,* ..######
, ........ ,<
**##.....##. #,
#)s......
#.###@.....##. .*
#..............#
* * *
#.........##..# ,
####.........# ,
* #...)<.##..
...............#
#.####.##........
* * #.#########.
* #.#


You could see a scorpion.

Vanquished Creatures
  3 adders
  2 worms (D:3)
  2 dart slugs
  3 orcs
  7 ball pythons
  4 endoplasms
  2 giant cockroaches (D:1)
  8 goblins
  7 hobgoblins
  7 kobolds
  4 quokkas
  5 bats
  A frilled lizard (D:1)
  7 rats
62 creatures vanquished.

Notes
Turn   | Place    | Note
-------+----------+-------------------------------------------
     0 | D:1      | Implojin the Formicid Ice Elementalist began the quest for
                  | the Orb.
     0 | D:1      | Reached XP level 1. HP: 13/13 MP: 3/3
    86 | D:1      | Reached skill level 1 in Fighting
   174 | D:1      | Reached XP level 2. HP: 18/22 MP: 1/5
   511 | D:1      | Reached skill level 1 in Short Blades
   705 | D:1      | Reached XP level 3. HP: 19/27 MP: 4/6
   901 | D:2      | Learned a level 3 spell: Frozen Ramparts
  1237 | D:2      | Found a runed translucent door.
  1238 | D:2      | Noticed Crazy Yiuf
  1387 | D:2      | Reached XP level 4. HP: 33/33 MP: 3/7
  1434 | D:2      | Noticed Terence
  1435 | D:2      | Danger: Terence |T2| Reason: Unique monster, careful!
  2167 | D:3      | Danger: Low HP Warning |T2| Reason: 51% HP (17/33)
  2169 | D:3      | Danger: Low HP Warning |T2| Reason: 36% HP (12/33)
  2170 | D:3      | Danger: Low HP Warning |T2| Reason: 30% HP (10/33)
  2177 | D:3      | HP: 1/33 [poisoned by an adder]
  2342 | D:3      | Found a hazy altar of Hepliaklqana.
  2342 | D:3      | Found a glowing silver altar of Zin.
  2348 | D:3      | Found a glowing golden altar of the Shining One.
  2351 | D:3      | Found a snail-covered altar of Cheibriados.
  2354 | D:3      | Found a broken altar of Ashenzari.
  2357 | D:3      | Found a sparkling altar of Nemelex Xobeh.
  2373 | D:3      | Became a worshipper of Nemelex Xobeh the Trickster
  2626 | D:3      | Found a faded altar of an unknown god.
  2725 | D:3      | Reached skill level 5 in Ice Magic
  2768 | D:3      | Danger: Low HP Warning |T2| Reason: 57% HP (19/33)
  2769 | D:3      | Danger: Low HP Warning |T2| Reason: 57% HP (19/33)
  3064 | D:3      | Reached XP level 5. HP: 28/38 MP: 4/8
  3110 | D:4      | Danger: Low HP Warning |T2| Reason: 44% HP (17/38)
  3111 | D:4      | Danger: Low HP Warning |T2| Reason: 47% HP (18/38)
  3112 | D:4      | Danger: Low HP Warning |T2| Reason: 47% HP (18/38)
  3113 | D:4      | Reached skill level 1 in Invocations
  3113 | D:4      | Danger: Low HP Warning |T2| Reason: 42% HP (16/38)
  3114 | D:4      | Danger: Low HP Warning |T2| Reason: 36% HP (14/38)
  3115 | D:4      | Danger: Low HP Warning |T2| Reason: 34% HP (13/38)
  3116 | D:4      | Danger: Low HP Warning |T3| Reason: 23% HP (9/38)
  3116 | D:4      | Gained mutation: Your spells are a little harder to cast,
                  | but a little more powerful. [potion of mutation]
  3116 | D:4      | Gained mutation: Your system is resistant to poisons.
                  | (rPois) [potion of mutation]
  3116 | D:4      | Gained mutation: You passively map a small area around you.
                  | [potion of mutation]
  3117 | D:4      | Danger: Low HP Warning |T3| Reason: 10% HP (4/38)
  3117 | D:4      | Slain by a scorpion

Illustrated notes

Levels and vault maps discovered:
D:1:      evilmike_arrival_hilbert_curve, layout_rooms,
          hangedman_abyss_or_decor_stabs
D:2:      layout_loops_ring, uniq_terence, uniq_crazy_yiuf_cottage
D:3:      layout_loops_ring, nicolae_overflow_hallway_of_the_gods,
          ebering_ecumenical_altar_hall, minmay_misc_feat_secret_circle
D:4:      layout_loops_ring, serial_shops, nicolae_stop_n_shop_2,
          guppyfry_early_orc_mine, uniq_ijyb, uniq_blork_the_orc

Skill      XL: |  1  2  3  4  5 |
---------------+----------------+-----
Fighting       | 1 2 |  2.0
Short Blades   | 1 2 |  2.0
Ice Magic      | 5 |  5.0
Invocations    | 1 |  1.0
Dodging        | |  1.7
Stealth        | |  2.4
Spellcasting   | |  2.1

Action                     |  1- 3 |  4- 6 || total
---------------------------+-------+-------++-------
  Melee: Dagger            |    12 |       ||    12
         Short sword       |    25 |    80 ||   105
         Punch             |       |     1 ||     1
   Cast: Freeze            |    29 |     4 ||    33
         Frozen Ramparts   |     3 |     7 ||    10
Ability: Dig               |     1 |       ||     1
    Use: Scroll            |       |     2 ||     2
         Potion            |       |     4 ||     4
   Stab: Sleeping          |     2 |     5 ||     7
 Armour: Robe              |    11 |    16 ||    27
  Dodge: Dodged            |    27 |    44 ||    71
